AoeStats
← kilon_lopez

Black Forest

509893703Analyzed
4v4 RM · 2d ago on Sep 28, 2026· 48m 32s· 8 players
Game mode
Random Map
Map size
Large (8 player)
Population
200
Speed
Normal
Resources
Standard
Victory
Conquest
Starting age
Dark Age
Ending age
Imperial Age
RankedLock teamsTeams togetherTeam positionsShared explorationLock speedFull tech treeHidden civsTurbo modeCheats
Victory
Defeat
🇺🇸 Turks · United States
911
+11
🇺🇸 Lithuanians · United States
907
+11
🇵🇰 Malay · Pakistan
892
+11
🇲🇽 Persians · Mexico
841
+13
🇸🇳 Ethiopians · Senegal
820
-18
🇹🇷 Turks · Türkiye
803
-12
🇨🇳 Vietnamese · China
800
-22
🇫🇷 Huns · France
718
-21
LaTorche67
12:57 Feudal Age
13:32 Man-at-Arms
22:46 Castle Age
24:51 Medium Warships
35:15 Imperial Age
33:42 Elite Skirmisher
33:43 Crossbowman
Açi
3:39 Loom
12:53 Feudal Age
14:11 Wheelbarrow
13:23 Town Watch
13:27 Double-Bit Axe
13:27 Horse Collar
21:21 Castle Age
22:12 Heavy Plow
22:25 Bow Saw
22:09 Gold Mining
22:12 Stone Mining
22:24 Town Patrol
24:33 Hand Cart
30:54 Ballistics
30:17 Treadmill Crane
33:43 Imperial Age
32:48 Caravan
35:02 Masonry
34:40 Arrowslits
34:54 Elite Cannon Galleon
39:27 Artillery
39:51 Sipahi
39:52 Conscription
39:58 Elite Janissary
43:12 Architecture
43:36 Hoardings
42:33 Sappers
42:57 Fletching
43:07 Padded Archer Armor
44:00 Bodkin Arrow
44:16 Forging
44:07 Scale Mail Armor
44:21 Scale Barding Armor
44:35 Leather Archer Armor
47:47 Iron Casting
Manous
12:24 Feudal Age
16:09 Double-Bit Axe
18:39 Castle Age
16:51 Horse Collar
19:08 Gold Mining
19:10 Stone Mining
23:01 Bow Saw
23:15 Heavy Plow
25:22 Caravan
28:08 Wheelbarrow
31:58 Imperial Age
31:09 Hand Cart
33:02 Gold Shaft Mining
33:58 Thumb Ring
33:15 Crossbowman
34:21 Town Watch
34:54 Loom
35:32 Fletching
35:43 Padded Archer Armor
36:17 Arbalester
37:30 Conscription
36:32 Elite Shotel Warrior
37:55 Bodkin Arrow
38:17 Leather Archer Armor
39:04 Squires
38:51 Arson
40:10 Bracer
40:41 Ring Archer Armor
41:14 Royal Heirs
41:43 Halberdier
46:44 Elite Skirmisher
47:33 Heavy Camel Rider
山海
10:24 Feudal Age
12:49 Wheelbarrow
12:18 Double-Bit Axe
22:19 Castle Age
23:21 Padded Archer Armor
23:15 Fletching
25:42 Hand Cart
25:55 Thumb Ring
26:58 Bow Saw
26:33 Horse Collar
27:39 Leather Archer Armor
30:50 Loom
30:59 Gold Mining
31:01 Stone Mining
31:13 Caravan
31:24 Bodkin Arrow
31:14 Elite Skirmisher
37:06 Imperial Age
38:35 Bracer
39:06 Ring Archer Armor
37:59 Elite Rattan Archer
kilon_lopez
8:48 Loom
11:10 Feudal Age
16:11 Castle Age
14:23 Double-Bit Axe
16:23 Wheelbarrow
17:35 Bow Saw
17:08 Horse Collar
17:23 Gold Mining
24:56 Fletching
25:12 Scale Barding Armor
25:18 Forging
26:08 Town Watch
28:29 Bloodlines
28:19 Husbandry
29:06 Heavy Plow
29:10 Stone Mining
32:35 Imperial Age
31:26 Kamandaran
33:33 Crossbowman
33:35 Cavalier
35:11 Hand Cart
34:57 Town Patrol
36:33 Conscription
37:01 Forging
37:12 Chain Barding Armor
37:37 Savar
42:15 Bodkin Arrow
46:26 Plate Barding Armor
46:26 Iron Casting
45:55 Padded Archer Armor
48:06 Scale Mail Armor
GodLyCrisCo
0:32 Loom
14:38 Feudal Age
20:42 Castle Age
19:17 Horse Collar
19:28 Double-Bit Axe
19:36 Stone Mining
22:44 Wheelbarrow
29:01 Heavy Plow
29:43 Bow Saw
33:18 Gold Mining
38:57 Imperial Age
36:13 Town Watch
36:42 Forging
36:33 Scale Mail Armor
36:38 Scale Barding Armor
36:24 Fletching
36:36 Padded Archer Armor
37:04 Bloodlines
36:55 Husbandry
37:05 Caravan
38:42 Hand Cart
39:07 Iron Casting
38:48 Chain Mail Armor
39:24 Stone Shaft Mining
40:41 Chemistry
40:03 Ballistics
40:18 Chain Barding Armor
39:54 Bodkin Arrow
40:15 Leather Archer Armor
40:37 Crop Rotation
39:35 Cavalier
40:38 Tower Shields
41:02 Conscription
40:58 Paladin
42:10 Elite Skirmisher
43:23 Thumb Ring
47:22 Bracer
47:53 Ring Archer Armor
47:59 Plate Barding Armor
Hitman88
0:42 Loom
14:39 Feudal Age
21:24 Castle Age
19:40 Stone Mining
30:15 Caravan
31:14 Double-Bit Axe
31:55 Gold Mining
34:57 Imperial Age
33:23 Bow Saw
34:09 Gold Shaft Mining
36:19 Elite Janissary
39:38 Artillery
40:52 Conscription
44:56 Ballistics
Sherdil
0:29 Loom
15:04 Feudal Age
21:15 Castle Age
27:10 Horse Collar
29:17 Wheelbarrow
29:03 Heavy Plow
32:29 Scale Barding Armor
32:35 Forging
32:46 Hand Cart
35:26 Imperial Age
33:52 Caravan
35:32 Elite Battle Elephant
36:30 Gold Mining
37:36 Iron Casting
41:15 Blast Furnace
40:30 Husbandry
46:30 Crop Rotation
46:41 Gold Shaft Mining
Connection lost

Rejoining the realm…

Still unreachable

The connection could not be restored.

Session expired

The server has moved on; the page needs a fresh start.